 Dungeon Crawl Stone Soup version 0.31.0-9-g3a7656b989 (webtiles) character file.

Game seed: 13080209935048193944

21764 Ijustatesigmund the Fighter (level 12, -5/85 HPs)
             Began as a Gargoyle Fighter on Feb 6, 2024.
             Killed from afar by Frances (33 damage)
             ... with a shard of ice
             ... on level 13 of the Dungeon.
             The game lasted 00:28:27 (10695 turns).

Ijustatesigmund the Fighter (Gargoyle Fighter)     Turns: 10695, Time: 00:28:28

Health: -5/85      AC: 31    Str: 21    XL:     12   Next: 93%
Magic:  18/18      EV: 18    Int: 13    God:
Gold:   659        SH:  4    Dex:  9    Spells: 18/19 levels left

rFire   + . .        a - +2 demon whip (protect)
rCold   . . .        c - +0 buckler
rNeg    + . .        b - +0 troll leather armour "Otzualix" {*Slow rF+ Will+ Regen+}
rPois   ∞            (helmet restricted)
rElec   +            m - +0 cloak
rCorr   .            C - +1 pair of gloves
SInv    .            l - +1 pair of boots
Will    +....        z - amulet of regeneration
Stlth   +            e - +4 ring of protection
HPRegen 2.74/turn    E - +5 ring of evasion
MPRegen 0.16/turn

%: slow self (1%)
@: under a protective aura
A: sickness immunity, AC +8, negative energy resistance 1, electricity
resistance, torment resistance 1, petrification resistance, antennae 1,
iridescent scales 1, regeneration 1
a: no special abilities


You were on level 13 of the Dungeon.
You visited 2 branches of the dungeon, and saw 14 of its levels.

You collected 1207 gold pieces.
You spent 548 gold pieces at shops.

Inventory:

Hand Weapons
 a - a +2 demon whip of protection (weapon)
Missiles
 G - a throwing net (quivered)
Armour
 b - the +0 troll leather armour "Otzualix" (worn) {*Slow rF+ Will+ Regen+}
   (You bought it in a shop on level 3 of the Dungeon)

   rF+:       It protects you from fire.
   Will+:     It increases your willpower.
   Regen+:    It increases your rate of health regeneration.
   *Slow:     It may slow you when you take damage.
 c - a +0 buckler (worn)
 l - a +1 pair of boots (worn)
 m - a +0 cloak (worn)
 C - a +1 pair of gloves (worn)
 K - +0 steam dragon scales
 M - the +9 chain mail of Ylamom {Harm ^Drain +Inv rC++}
   (You found it on level 10 of the Dungeon)

   rC++:      It greatly protects you from cold.
   +Inv:      It lets you turn invisible.
   ^Drain:    It drains your maximum health when unequipped.
   Harm:      It increases damage dealt and taken.
Jewellery
 e - a +4 ring of protection (left hand)
 o - a ring of protection from cold
 r - a ring of fire
 v - a ring of willpower
 z - an amulet of regeneration (around neck)
 D - a ring of protection from cold
 E - a +5 ring of evasion (right hand)
 L - a ring of see invisible
 O - a ring of fire
 P - an amulet of magic regeneration
Wands
 n - a wand of polymorph (13)
 w - a wand of flame (3)
 N - a wand of roots (2)
 R - a wand of paralysis (5)
Scrolls
 d - 4 scrolls of identify
 f - 3 scrolls of immolation
 j - a scroll of torment
 k - a scroll of silence
 p - a scroll of noise {unknown}
 t - a scroll of poison
 u - 2 scrolls of teleportation
 x - 2 scrolls of vulnerability
 y - a scroll of fog
 H - 2 scrolls of fear
 Q - a scroll of amnesia {unknown}
Potions
 g - a potion of heal wounds
 h - a potion of brilliance
 i - 3 potions of enlightenment
 q - a potion of cancellation
 s - 3 potions of curing
 A - 3 potions of ambrosia
 B - a potion of attraction
 J - 2 potions of lignification


   Skills:
 + Level 14.1 Fighting
 + Level 10.5 Maces & Flails
 - Level 6.2 Armour
 - Level 7.4 Dodging
 - Level 4.0 Shields
 - Level 4.4 Spellcasting
 - Level 5.4 Conjurations
 - Level 7.0 Evocations


You had 18 spell levels left.
You knew the following spells:

 Your Spells              Type           Power      Damage    Failure   Level
a - Magic Dart            Conj           68%        1d6       3%          1

Your spell library contained the following spells:

 Spells                   Type           Power      Damage    Failure   Level
 Momentum Strike          Conj/Tloc      18%        3d8       14%         2
 Blink                    Tloc           4%         N/A       38%         2
 Call Imp                 Summ           4%         N/A       38%         2
 Lesser Beckoning         Tloc           4%         N/A       38%         2
 Irradiate                Conj/Alch      4%         3d13      94%         5
 Olgreb's Toxic Radiance  Alch           2%         N/A       95%         4
 Petrify                  Alch/Erth      2%         N/A       95%         4
 Alistair's Intoxication  Alch           1%         N/A       100%        5
 Borgnjor's Vile Clutch   Necr/Erth      1%         N/A       100%        5
 Eringya's Noxious Bog    Alch           1%         4d6       100%        6
 Ozocubu's Refrigeration  Ice            1%         4d7       100%        7
 Discord                  Hex            1%         N/A       100%        8
 Sublimation of Blood     Necr           Unusable   N/A       N/A         2

Dungeon Overview and Level Annotations

Branches:
Dungeon (13/15)            Temple (1/1) D:4            Lair (0/5) D:9
    Orc (0/2) D:9
 Vaults: D:13-14

Altars:
Ashenzari
Cheibriados
Dithmenos
Elyvilon
Fedhas
Gozag
Hepliaklqana
Kikubaaqudgha
Makhleb
Nemelex Xobeh
Okawaru
Qazlal
Ru
Sif Muna
Trog
Uskayaw
Wu Jian
Xom
Yredelemnul
Zin
The Shining One

Shops:
D:3 !(*   D:4 !

Annotations:
D:4 2 transporters
D:8 1 runed translucent door
D:13 Frances
Temple 4 transporters


Innate Abilities, Weirdness & Mutations

You are immune to sickness and miasma.
Your stone body is resilient. (AC +8)
You are immune to poison.
You resist negative energy. (rN+)
You are resistant to electric shocks. (rElec)
You are resistant to unholy torment.
You are immune to petrification.
You have a pair of small antennae on your head.
You are partially covered in iridescent scales. (AC +2)
Your natural rate of healing is unusually fast.


Message History

Frances closely misses you.
You thrash Frances!!
Frances is heavily wounded.
Frances hits you with a +5 trident.
You barely miss Frances.
Frances is heavily wounded.
Frances hits you with a +5 trident!!
You hit Frances but do no damage.
Frances is heavily wounded.
You block Frances's attack.
You barely miss Frances.
Frances is heavily wounded.
Frances barely misses you.
You completely miss Frances.
Frances is heavily wounded.
You whack Frances!
Frances is heavily wounded.
Frances mutters in a terrible tongue.
The iron shot hits you!!
You are too injured to fight recklessly!
You are too injured to fight recklessly!
You are too injured to fight recklessly!
You are too injured to fight recklessly!
You are too injured to fight recklessly!
You are too injured to fight recklessly!
You are too injured to fight recklessly!
You are too injured to fight recklessly!
You are too injured to fight recklessly!
You are too injured to fight recklessly!
You are too injured to fight recklessly!
You are too injured to fight recklessly!
You are too injured to fight recklessly!
You are too injured to fight recklessly!
You are too injured to fight recklessly!
You are too injured to fight recklessly!
You hit Frances.
Frances is severely wounded.
Frances whispers indecipherable words.
The shard of ice hits you!!
You die...

.....K.K. #.#
#.#..#.##### #.#
.............###.#
..#. .........
......# #...........
#.#..#.### #.....#
#..u........
.........# #..##.#
#..#........
#.#..#.##..#..##.#
#..#........ #.#..#
# #..##<#
#..#u....... .##..#
#..##@###..#@.......
. #.K#
#..##@.....#........
# #..#####
#..........#..# #
#...##.#
#.....###.....# #
#..)##.# #.....#
#.....#
###...##.###.###.#
#.##..#
........)....# #.#
#.##..#
......#.)##).# #.#
#.##..# #...#
###...#..##..# #.#
#.##..# #...#


You could see Frances (fast).

Vanquished Creatures
  Kirke (D:12)
  A great orb of eyes (D:13)
  A centaur warrior (D:13)
  A two-headed ogre (D:12)
  2 dancing weapons (D:11)
  Lodul (D:11)
  4 ugly things
  A cyclops (D:13)
  A gargoyle (D:12)
  A komodo dragon (D:10)
  3 kobold demonologists
  2 centaur skeletons (D:13)
  An unseen horror (D:12)
  Psyche (D:11)
  6 trolls
  5 slime creatures (D:12)
  Sigmund (D:2)
  A shadow (D:10)
  A vampire (D:10)
  9 yaks
  2 wraiths
  A basilisk (D:12)
  4 hogs (D:13)
  2 steam dragons
  2 vampire mosquitoes (D:11)
  A naga (D:7)
  2 acid dragons
  4 water moccasins
  3 orc warriors
  An ice beast (D:7)
  3 sky beasts
  2 black bears
  3 centaurs
  16 ogres
  5 kobold brigands
  6 bullfrogs
  3 gnoll sergeants
  A scorpion (D:6)
  3 wights (D:7)
  12 killer bees
  3 electric eels (D:10)
  12 howler monkeys
  A bombardier beetle (D:6)
  A crimson imp (D:4)
  A lava snake (D:7)
  Crazy Yiuf (D:2)
  4 hounds
  6 orc priests
  2 jellies
  Ijyb (D:3)
  9 orc wizards
  2 sleepcaps (D:4)
  An iguana (D:6)
  12 gnolls
  5 adders
  A shadow imp (D:4)
  A white imp (D:4)
  2 ufetubi (D:7)
  A dart slug (D:1)
  34 orcs
  A ball python (D:4)
  7 endoplasms
  15 giant cockroaches
  6 goblins
  11 hobgoblins
  2 jackals (D:1)
  4 quokkas
  5 bats
  3 frilled lizards
  12 kobolds
  4 rats
290 creatures vanquished.

Notes
Turn   | Place    | Note
-------+----------+-------------------------------------------
     0 | D:1      | Ijustatesigmund the Gargoyle Fighter began the quest for
                  | the Orb.
     0 | D:1      | Reached XP level 1. HP: 14/14 MP: 1/1
   103 | D:1      | Reached XP level 2. HP: 14/19 MP: 2/2
   377 | D:1      | Reached XP level 3. HP: 24/24 MP: 3/3
   852 | D:2      | Reached skill level 4 in Fighting
   913 | D:2      | Reached XP level 4. HP: 27/29 MP: 4/4
   977 | D:2      | Noticed Sigmund
   990 | D:2      | Gained mutation: Your natural rate of healing is unusually
                  | fast. [potion of mutation]
   990 | D:2      | Gained mutation: You have hidden genetic potential. [potion
                  | of mutation]
  1059 | D:2      | Killed Sigmund
  1060 | D:2      | Reached skill level 5 in Maces & Flails
  1060 | D:2      | Reached XP level 5. HP: 32/34 MP: 5/5
  1072 | D:2      | Gained mutation: You are partially covered in iridescent
                  | scales. (AC +2) [hidden potential]
  1167 | D:2      | Found a faded altar of an unknown god.
  1241 | D:2      | Found a runed translucent door.
  1242 | D:2      | Noticed Crazy Yiuf
  1247 | D:2      | Killed Crazy Yiuf
  1248 | D:2      | Reached XP level 6. HP: 37/40 MP: 6/6
  1391 | D:2      | Reached skill level 5 in Fighting
  1449 | D:3      | Found Cajud's Assorted Antiques.
  1456 | D:3      | Gained mutation: You have a pair of small antennae on your
                  | head. [hidden potential]
  1456 | D:3      | Lost mutation: You have hidden genetic potential. [hidden
                  | potential expressed]
  1517 | D:3      | Noticed Ijyb
  1521 | D:3      | Killed Ijyb
  1685 | D:3      | Found Zelean's Weapon Shoppe.
  1785 | D:3      | Found Lufamos's Distillery.
  1792 | D:3      | Bought a potion of degeneration for 11 gold pieces
  1792 | D:3      | Bought a potion of curing for 33 gold pieces
  2022 | D:3      | Reached XP level 7. HP: 44/44 MP: 7/7
  2268 | D:4      | Found a transporter.
  2270 | D:4      | Found a snail-covered altar of Cheibriados.
  2276 | D:4      | Found a transporter.
  2287 | D:4      | Found a shadowy altar of Dithmenos.
  2303 | D:4      | Reached skill level 1 in Dodging
  2455 | D:4      | Found a staircase to the Ecumenical Temple.
  2487 | Temple   | Found a transporter.
  2487 | Temple   | Found a transporter.
  2487 | Temple   | Found a transporter.
  2487 | Temple   | Found a transporter.
  2487 | Temple   | Entered the Ecumenical Temple
  2528 | D:4      | Found an opulent altar of Gozag.
  2532 | D:4      | Found a bloodstained altar of Trog.
  2600 | D:4      | Found an ornate altar of the Wu Jian Council.
  2604 | D:4      | Found Uppac Yskon's Distillery.
  2981 | D:4      | Reached skill level 1 in Evocations
  3049 | D:4      | Reached XP level 8. HP: 50/50 MP: 8/8
  3074 | D:4      | Found a white marble altar of Elyvilon.
  3171 | D:4      | Found a sacrificial altar of Ru.
  3171 | D:4      | Found a basalt altar of Yredelemnul.
  3208 | D:5      | Entered Level 5 of the Dungeon
  3507 | D:5      | Found an ancient bone altar of Kikubaaqudgha.
  3876 | D:5      | Reached skill level 9 in Fighting
  3876 | D:5      | Reached XP level 9. HP: 61/61 MP: 9/9
  3938 | D:6      | Found an iron altar of Okawaru.
  4059 | D:7      | Identified the +2 mace of Disintegration {heavy, ^Contam
                  | Fly rElec Dex+5}
  4399 | D:6      | Reached skill level 10 in Fighting
  4399 | D:6      | Reached skill level 5 in Armour
  4544 | D:7      | Reached XP level 10. HP: 68/68 MP: 10/10
  5392 | D:7      | Noticed a purple ugly thing
  5392 | D:7      | Noticed a kobold demonologist
  5417 | D:7      | Killed a purple ugly thing
  5421 | D:7      | Killed a kobold demonologist
  5502 | D:8      | Noticed a kobold demonologist
  5506 | D:8      | Reached skill level 11 in Fighting
  5506 | D:8      | Noticed a smoke demon
  5619 | D:8      | a kobold demonologist changed into a naga
  6415 | D:8      | Noticed a cyclops
  6415 | D:8      | Noticed an orc knight
  6415 | D:8      | Noticed a cyclops
  6416 | D:8      | Found a runed translucent door.
  6422 | D:8      | Noticed a centaur warrior
  6422 | D:8      | Noticed a cyclops
  6422 | D:8      | Identified the ring of Vehumet's Whim {Wiz Str+4 Int+3
                  | Stlth-}
  6422 | D:8      | Noticed a centaur warrior
  6422 | D:8      | Noticed an arcanist
  6523 | D:8      | Found a glowing golden altar of the Shining One.
  6747 | D:10     | Entered Level 10 of the Dungeon
  6797 | D:9      | Found a staircase to the Orcish Mines.
  6829 | D:9      | Reached XP level 11. HP: 71/74 MP: 11/11
  7149 | D:3      | Bought a jewelled troll leather armour for 480 gold pieces
  7149 | D:3      | Identified the +0 troll leather armour "Otzualix" {*Slow
                  | rF+ Will+ Regen+} (You bought it in a shop on level 3 of
                  | the Dungeon)
  7149 | D:3      | Bought a scroll labelled MINWOCLYXODGH for 24 gold pieces
  7385 | D:9      | Found a staircase to the Lair.
  7587 | D:10     | Identified the +9 chain mail of Ylamom {Harm ^Drain +Inv
                  | rC++}
  7617 | D:10     | Reached skill level 12 in Fighting
  7762 | D:10     | Found a hide-covered altar of Uskayaw.
  8341 | D:11     | Noticed Psyche
  8351 | D:11     | Killed Psyche
  8427 | D:11     | Learned a level 1 spell: Magic Dart
  8458 | D:11     | Reached skill level 1 in Conjurations
  8459 | D:11     | Reached skill level 1 in Spellcasting
  8468 | D:11     | Noticed Lodul
  8489 | D:11     | Killed Lodul
  8655 | D:11     | Noticed a brown ugly thing
  8676 | D:11     | Killed a brown ugly thing
  8701 | D:11     | Found a runed translucent door.
  8703 | D:11     | Noticed a +4 demon trident of pain
  8705 | D:11     | Noticed a +0 demon blade of pain
  8705 | D:11     | Noticed a +2 demon whip of draining
  8783 | D:11     | Killed a +0 demon blade of pain
  8788 | D:11     | Killed a +2 demon whip of draining
  8789 | D:11     | Reached XP level 12. HP: 29/82 MP: 15/17
  9373 | D:12     | Reached skill level 5 in Conjurations
  9480 | D:12     | Identified the +5 helmet of the Amoeba {rPois rN+ Regen+
                  | Int-4}
  9485 | D:12     | Noticed a two-headed ogre
  9493 | D:12     | Killed a two-headed ogre
  9727 | D:12     | Reached skill level 13 in Fighting
 10221 | D:13     | Noticed Kirke
 10418 | D:13     | Noticed a centaur warrior
 10430 | D:13     | Killed a centaur warrior
 10431 | D:13     | Reached skill level 10 in Maces & Flails
 10455 | D:13     | Noticed a great orb of eyes
 10474 | D:13     | Killed a great orb of eyes
 10507 | D:13     | Noticed Frances
 10651 | D:12     | Killed Kirke
 10652 | D:12     | Reached skill level 14 in Fighting
 10695 | D:13     | Killed from afar by Frances

Illustrated notes

Levels and vault maps discovered:
D:1:      lemuel_arrival_muddy, layout_loops_ring
D:2:      minmay_roachtagon, layout_rooms, ebering_ecumenical_altar_hall,
          uniq_sigmund, uniq_crazy_yiuf_cottage
D:3:      layout_basic, serial_shops, shop, shop, shop, uniq_ijyb
D:4:      layout_loops_ring, mainiacjoe_overflow_chevrons,
          mainiacjoe_overflow_concentric_impassable,
          nicolae_dithmenos_shadow_blocks, nicolae_overflow_hidden_temple,
          gammafunk_temple_overflow_arena, serial_shops, shop, serial_aquarium,
          aquarium_bridge_square [aquarium_subvault_wall,
          aquarium_subvault_wall, aquarium_subvault_balcony,
          aquarium_subvault_bridge], aquarium_bridge_long_joined
          [aquarium_subvault_wall, aquarium_subvault_wall,
          aquarium_subvault_bridge, aquarium_subvault_window,
          aquarium_subvault_wall, aquarium_subvault_bridge],
          aquarium_window_corridor_1, aquarium_window_2, aquarium_window_2,
          aquarium_window_fake, aquarium_view_2f, aquarium_view_2b,
          aquarium_balcony_3a, minmay_fire_ice_demons
D:5:      layout_basic, mainiacjoe_overflow_six_doors_small
D:6:      layout_cave_pools, okawaru_trees_1, grunt_tough_drop
D:7:      kennysheep_big_flooded_room, layout_basic, kennysheep_small_circle
D:8:      minmay_gate_of_8, layout_basic, lemuel_coloured_pillars_altar
D:9:      layout_cave_pools, david_lair_shrubbed,
          kennysheep_orc_monster_closet_entryway
D:10:     layout_basic, nicolae_uskayaw_suspiria
D:11:     layout_basic, nicolae_danse_macabre, uniq_lodul, uniq_psyche
D:12:     layout_loops_cross
D:13:     layout_long_grid, hangedman_vaults_entry_quadrant_bands, uniq_kirke,
          uniq_frances
Temple:   hellmonk_temple_divided_pantheon

Skill      XL: |  1  2  3  4  5  6  7  8  9 10 11 12 |
---------------+-------------------------------------+-----
Maces & Flails | 3 5 6 8 10 | 10.5
Fighting       | 4 5 9 10 11 12 14 | 14.1
Armour         | 4 5 6 |  6.2
Shields        | 4 |  4.0
Dodging        | 3 7 |  7.4
Evocations     | 1 7 |  7.0
Conjurations   | 4 5 |  5.4
Spellcasting   | 3 4 |  4.4

Action                     |  1- 3 |  4- 6 |  7- 9 | 10-12 || total
---------------------------+-------+-------+-------+-------++-------
  Melee: Flail             |   140 |    91 |   179 |   485 ||   895
         Demon whip        |       |       |       |   348 ||   348
         Unarmed           |       |       |       |     6 ||     6
   Cast: Magic Dart        |       |       |       |     1 ||     1
  Evoke: Wand              |       |       |     1 |    13 ||    14
    Use: Potion            |       |     4 |     1 |     5 ||    10
         Scroll            |       |     1 |     8 |    16 ||    25
   Stab: Invisible         |       |       |       |     2 ||     2
 Armour: Scale mail        |   125 |   112 |   199 |   311 ||   747
         Skin              |       |     3 |       |    25 ||    28
         Steam dragon scal |       |       |       |   210 ||   210
         Troll leather arm |       |       |       |   395 ||   395
  Dodge: Dodged            |    81 |    58 |   104 |   636 ||   879
  Block: Buckler           |    31 |    25 |    41 |   233 ||   330
